 Dungeon Crawl Stone Soup version 0.30-a0-618-gd6c86c23d0 (webtiles) character file.

Game seed: 8875189653539768357

219 nono the Covered (level 5, -2/49 HPs)
             Began as an Armataur Fighter on Jan 9, 2023.
             Slain by an ogre
             ... wielding a +0 giant club
              (17 damage)
             ... on level 3 of the Dungeon.
             The game lasted 00:03:03 (1733 turns).

nono the Covered (Armataur Fighter)                 Turns: 1733, Time: 00:03:03

Health: -2/49      AC:  7    Str: 23    XL:     5   Next: 63%
Magic:  5/5        EV:  7    Int:  9    God:
Gold:   221        SH:  4    Dex:  9    Spells: 4/4 levels left

rFire   . . .      SeeInvis .    a - +0 flail
rCold   . . .      Faith    .    c - +0 buckler
rNeg    + . .      Spirit   .    b - +0 scale mail
rPois   .          Reflect  .    (no helmet)
rElec   .          Harm     .    (no cloak)
rCorr   .          Roll     +    (no gloves)
Will    .....                    (no barding) Stlth
                                 (no amulet)
HPRegen 0.28/turn                r - ring of positive energy
MPRegen 0.09/turn                (no ring)

@: no status effects
A: large, rugged brown scales 3, deformed body, armoured tail, roll, long
tongue, awkward tongue
a: no special abilities


You were on level 3 of the Dungeon.
You visited 1 branch of the dungeon, and saw 3 of its levels.

You collected 221 gold pieces.

Inventory:

Hand Weapons
 a - a +0 flail (weapon)
 s - a +2 antimagic dagger
Armour
 b - a +0 scale mail (worn)
 c - a +0 buckler (worn)
Jewellery
 r - a ring of positive energy (left hand)
Scrolls
 d - a scroll of enchant armour {unknown}
 f - a scroll of blinking {unknown}
 i - a scroll of identify {unknown}
 k - a scroll of enchant weapon {unknown}
 l - a scroll of torment {unknown}
 m - a scroll of acquirement {unknown}
 p - a scroll of teleportation {unknown}
Potions
 e - 2 potions of flight {unknown}
 g - a potion of curing {unknown}
 h - a potion of cancellation {unknown}
 j - a potion of lignification {unknown}
 n - a potion of heal wounds {unknown}
 o - a potion of berserk rage {unknown}
 q - a potion of ambrosia {unknown}


   Skills:
 + Level 3.7 Fighting
 + Level 3.0 Maces & Flails
 + Level 5.0 Armour
 + Level 4.4 Shields


You had 4 spell levels left.
You didn't know any spells.
Your spell library was empty.

Dungeon Overview and Level Annotations

Branches:
Dungeon (3/15)

Altars:
Xom

Shops:
D:1 ?


Innate Abilities, Weirdness & Mutations

You are completely covered in rugged brown scales. (AC +3, +7% HP)
Armour fits poorly on your strangely shaped body.
You have a long armoured tail.
You roll when moving toward enemies. (Rampage)
Your long tongue fully drains potion bottles. (2x potion effects)
Your tongue gives you trouble enunciating. (1.5x scroll delay)


Message History

You see here a +0 sling.
Found 5 gold pieces.
You see here a +2 antimagic dagger.
s - a +2 antimagic dagger You now have 221 gold pieces (gained 5).
e - 2 amethyst potions (gained 1)
Found a shimmering altar of Xom.
Found a shimmering altar of Xom. x2
Found a shimmering altar of Xom.
Found a shimmering altar of Xom.
Found three shimmering altars of Xom.
Found a mace.
Found a shimmering altar of Xom.
There is a fountain of clear blue water here.
You enter the shallow water.
There is a shimmering altar of Xom here.
Found a stone staircase leading up.
There is a shaft here.
There is a fountain of clear blue water here.
Found a spear.
There is a stone staircase leading up here.
Found a dagger.
Found a ring mail.
An ogre comes into view. It is wielding a +0 giant club.
The ogre shouts!
You hear an angry hiss.
An adder comes into view.
You hit the ogre.
The ogre is lightly wounded.
The ogre hits you with a +0 giant club!!
Ouch! That really hurt!
You sock the ogre!
The ogre is moderately wounded.
The ogre hits you but does no damage.
You hit the ogre.
The ogre is heavily wounded.
The ogre hits you with a +0 giant club!
You thump the ogre!
You tail-slap the ogre, but do no damage.
The ogre is almost dead.
The ogre hits you with a +0 giant club!
You die...

##########
#......).########
#.#####.........#
#@# #.######..#
#O# #.# #..# #S#
#.# #.)# [.# #.#
#..# ..# #.# #..#
#..# #.# #..#
#..# #.# ###..#
.... ..# #.<.##
#.#.#


You could see an ogre and an adder.

Vanquished Creatures
  Sigmund (D:2)
  An adder (D:3)
  A dart slug (D:1)
  4 ball pythons
  6 endoplasms
  2 giant cockroaches
  5 hobgoblins
  2 jackals (D:2)
  5 kobolds
  3 quokkas
  3 bats (D:1)
  3 frilled lizards
  9 goblins
  5 rats
50 creatures vanquished.

Notes
Turn   | Place    | Note
-------+----------+-------------------------------------------
     0 | D:1      | nono the Armataur Fighter began the quest for the Orb.
     0 | D:1      | Reached XP level 1. HP: 19/19 MP: 1/1
   189 | D:1      | Reached XP level 2. HP: 26/26 MP: 2/2
   329 | D:1      | Found Laipot's Magic Scroll Boutique.
   332 | D:1      | Reached skill level 4 in Armour
   502 | D:1      | Reached XP level 3. HP: 33/33 MP: 3/3
   982 | D:2      | Noticed Sigmund
   988 | D:2      | Killed Sigmund
   989 | D:2      | Reached XP level 4. HP: 18/42 MP: 4/4
   989 | D:2      | Reached XP level 5. HP: 21/49 MP: 5/5
  1524 | D:3      | Reached skill level 5 in Armour
  1683 | D:3      | Found a shimmering altar of Xom.
  1684 | D:3      | Found a shimmering altar of Xom.
  1684 | D:3      | Found a shimmering altar of Xom.
  1685 | D:3      | Found a shimmering altar of Xom.
  1686 | D:3      | Found a shimmering altar of Xom.
  1687 | D:3      | Found a shimmering altar of Xom.
  1687 | D:3      | Found a shimmering altar of Xom.
  1687 | D:3      | Found a shimmering altar of Xom.
  1687 | D:3      | Found a shimmering altar of Xom.
  1726 | D:3      | Noticed an ogre
  1733 | D:3      | Slain by an ogre

Illustrated notes

Levels and vault maps discovered:
D:1:      amcnicky_arrival_flooded_fountain, layout_basic, serial_shops,
          nicolae_shop_waterfront
D:2:      layout_basic, uniq_sigmund
D:3:      layout_loops_ring, xom_redecorated, general_overflow_altar

Skill      XL: |  1  2  3  4  5 |
---------------+----------------+-----
Maces & Flails | 2 3 |  3.0
Armour         | 4 5 |  5.0
Fighting       | 3 |  3.7
Shields        | 4 |  4.4

Action                   |  1- 3 |  4- 6 || total
-------------------------+-------+-------++-------
Melee: Flail             |    80 |    41 ||   121
       Tailslap          |     8 |     4 ||    12
  Use: Potion            |     1 |       ||     1
Armor: Scale mail        |    28 |    21 ||    49
Dodge: Dodged            |    27 |    16 ||    43
Block: Buckler           |    15 |     5 ||    20

Table legend: (Time is in decaauts)
 A = Elapsed time spent in this place.
 B = Non-inter-level travel time spent in this place.
 C = Inter-level travel time spent in this place.
 D = Time resting spent in this place.
 E = Time spent auto-exploring this place.
 F = Levels seen in this place.
 G = Mean time per level.
                   A        B        C        D        E       F      G
               +--------+--------+--------+--------+--------+-----+--------+
         Total |   1769 |   1706 |     63 |      0 |   1387 |   3 |  589.7 |
       Dungeon |   1769 |   1706 |     63 |      0 |   1387 |   3 |  589.7 |
               +--------+--------+--------+--------+--------+-----+--------+

Top non-repeatable levels by time:
     D:1: 777 daAuts
     D:2: 715 daAuts
     D:3: 276 daAuts
